 Dungeon Crawl Stone Soup version 0.30-a0-711-gf4ac18a38d (webtiles) character file.

Game seed: 782579680743040744

8 jlumianski the Trooper (level 2, -2/24 HPs)
             Began as a Demonspawn Fighter on Jan 22, 2023.
             Slain by a kobold
             ... wielding a +1 short sword of speed
              (4 damage)
             ... on level 2 of the Dungeon.
             The game lasted 00:00:51 (168 turns).

jlumianski the Trooper (Demonspawn Fighter)          Turns: 168, Time: 00:00:51

Health: -2/24      AC:  6    Str: 16    XL:     2   Next: 0%
Magic:  2/2        EV:  8    Int:  9    God:
Gold:   35         SH:  4    Dex: 12    Spells: 1/1 levels left

rFire   . . .      SeeInvis .    a - +0 war axe
rCold   . . .      Faith    .    c - +0 buckler
rNeg    . . .      Spirit   .    b - +0 scale mail
rPois   .          Reflect  .    (no helmet)
rElec   .          Harm     .    (no cloak)
rCorr   .          Rampage  .    (no gloves)
Will    .....                    (no boots) Stlth
                                 (no amulet)
HPRegen 0.24/turn                (no ring)
MPRegen 0.08/turn                (no ring)

@: no status effects
A: demonic magic 1
a: no special abilities


You were on level 2 of the Dungeon.
You visited 1 branch of the dungeon, and saw 2 of its levels.

You collected 35 gold pieces.

Inventory:

Hand Weapons
 a - a +0 war axe (weapon)
Armour
 b - a +0 scale mail (worn)
 c - a +0 buckler (worn)
 e - a +0 pair of boots
Potions
 d - a potion of might
 f - a potion of attraction {unknown}


   Skills:
 + Level 3.1 Fighting
 + Level 1.9 Axes
 + Level 2.8 Armour
 + Level 2.9 Shields


You had one spell level left.
You didn't know any spells.
Your spell library was empty.

Dungeon Overview and Level Annotations

Branches:
Dungeon (2/15)

Altars:


Innate Abilities, Weirdness & Mutations

Spells you cast may paralyse adjacent enemies.


Message History

You climb downwards.
The kobold hits you but does no damage.
There is a stone staircase leading up here.
The kobold hits you but does no damage. x2
The kobold hits you with a +1 short sword of speed.
The kobold barely misses you. You block the kobold's attack.
The kobold hits you but does no damage. You block the kobold's attack.
The kobold hits you but does no damage.
The kobold hits you with a +1 short sword of speed.
The kobold hits you with a +1 short sword of speed.
You block the kobold's attack. The kobold hits you but does no damage.
The kobold barely misses you. The kobold misses you.
You block the kobold's attack.
The kobold hits you with a +1 short sword of speed.
You block the kobold's attack. x2
The kobold barely misses you. The kobold barely misses you.
The kobold hits you with a +1 short sword of speed.
The kobold closely misses you.
The kobold hits you with a +1 short sword of speed.
The kobold barely misses you. The kobold hits you but does no damage.
The kobold barely misses you.
The kobold hits you with a +1 short sword of speed.
The kobold hits you with a +1 short sword of speed. x2
* * * LOW HITPOINT WARNING * * *
The kobold hits you but does no damage. You block the kobold's attack.
The kobold barely misses you. The kobold hits you but does no damage.
The kobold hits you with a +1 short sword of speed.
* * * LOW HITPOINT WARNING * * *
The kobold hits you but does no damage.
The kobold hits you with a +1 short sword of speed.
* * * LOW HITPOINT WARNING * * *
The kobold closely misses you. The kobold barely misses you.
The kobold barely misses you.
The kobold hits you with a +1 short sword of speed.
* * * LOW HITPOINT WARNING * * *
The kobold hits you with a +1 short sword of speed.
You die...

#. #. #.
#.# #..
#..
#..#####.#
#..@.....#
##K#######
#. #. #.
.. ##


You could see a kobold.

Vanquished Creatures
  2 endoplasms (D:1)
  A goblin (D:1)
  A quokka (D:1)
  A ball python (D:1)
  2 bats (D:1)
7 creatures vanquished.

Notes
Turn   | Place    | Note
-------+----------+-------------------------------------------
     0 | D:1      | jlumianski the Demonspawn Fighter began the quest for the
                  | Orb.
     0 | D:1      | Reached XP level 1. HP: 18/18 MP: 1/1
   140 | D:1      | Gained mutation: Spells you cast may paralyse adjacent
                  | enemies. [demonic ancestry]
   140 | D:1      | Reached XP level 2. HP: 17/24 MP: 2/2
   168 | D:2      | Slain by a kobold

Illustrated notes

Levels and vault maps discovered:
D:1:      elethiomel_arrival_infinity_welcomes_careful_drivers, layout_basic,
          chequers_garden, minmay_misc_feat_secret_circle, minmay_misc_feat_room
D:2:      layout_loops_corners, nicolae_figureground_sparkle, uniq_natasha

Action                     || total
---------------------------++-------
  Melee: War axe           ||    20
 Armour: Scale mail        ||    33
  Dodge: Dodged            ||    28
  Block: Buckler           ||    11

Table legend: (Time is in decaauts)
 A = Elapsed time spent in this place.
 B = Non-inter-level travel time spent in this place.
 C = Inter-level travel time spent in this place.
 D = Time resting spent in this place.
 E = Time spent auto-exploring this place.
 F = Levels seen in this place.
 G = Mean time per level.
                   A        B        C        D        E       F      G
               +--------+--------+--------+--------+--------+-----+--------+
         Total |    177 |    177 |      0 |      0 |     51 |   2 |   88.5 |
       Dungeon |    177 |    177 |      0 |      0 |     51 |   2 |   88.5 |
               +--------+--------+--------+--------+--------+-----+--------+

Top non-repeatable levels by time:
     D:1: 148 daAuts
     D:2: 29 daAuts
